 Dungeon Crawl Stone Soup version 0.25.1-2-g60ff931df9 (webtiles) character file.

Game seed: 9270147605143896946

65 Peloso the Shield-Bearer (level 3, 0/33 HPs)
             Began as a Minotaur Fighter on Aug 10, 2020.
             Slain by a gnoll
             ... wielding a +0 spear
              (3 damage)
             ... on level 3 of the Dungeon.
             The game lasted 00:06:19 (1653 turns).

Peloso the Shield-Bearer (Minotaur Fighter)         Turns: 1653, Time: 00:06:19

Health: 0/33       AC:  7    Str: 20    XL:     3   Next: 92%
Magic:  2/2        EV:  7    Int:  5    God:
Gold:   75         SH: 14    Dex: 10    Spells: 2/2 levels left

rFire    . . .     SeeInvis .   a - +0 long sword
rCold    . . .     Gourm    .   c - +0 kite shield
rNeg     + . .     Faith    .   b - +0 scale mail
rPois    .         Spirit   .   (helmet restricted)
rElec    .         Reflect  +   (no cloak)
rCorr    .         Harm     .   (no gloves)
MR       .....                  (no boots)
Stlth    ..........             n - amulet of reflection
HPRegen  0.11/turn              e - ring of positive energy
MPRegen  0.08/turn              (no ring)

@: no status effects
A: retaliatory headbutt, horns 2
a: no special abilities


You were on level 3 of the Dungeon.
You were not hungry.

You visited 1 branch of the dungeon, and saw 3 of its levels.

You collected 75 gold pieces.

Inventory:

Hand Weapons
 a - a +0 long sword (weapon)
Armour
 b - a +0 scale mail (worn)
 c - a +0 kite shield (worn)
Jewellery
 e - a ring of positive energy (left hand)
 i - an uncursed amulet of magic regeneration
 n - an amulet of reflection (around neck)
Wands
 o - a wand of iceblast (14)
Scrolls
 g - a scroll of enchant armour {unknown}
 h - a scroll of identify {unknown}
 j - a scroll of magic mapping {unknown}
 k - a scroll of amnesia {unknown}
 m - a scroll of fog {unknown}
Potions
 d - 3 potions of might
Comestibles
 f - 3 rations
 l - 6 chunks of flesh


   Skills:
 + Level 4.3 Fighting
 + Level 2.9 Long Blades
 + Level 4.2 Armour
 + Level 0.1 Dodging
 + Level 0.2 Stealth
 + Level 4.5 Shields


You had 2 spell levels left.
You didn't know any spells.
Your spell library was empty.

Dungeon Overview and Level Annotations

Branches:
Dungeon (3/15)

Altars:
Hepliaklqana


Innate Abilities, Weirdness & Mutations

You reflexively headbutt those who attack you in melee.
You have a pair of horns on your head.


Message History

Found 8 atropa-tipped darts.
You block the orc wizard's attack. The orc hits you.
Things that are here:
a +0 flail; a +0 ring mail; an orc corpse You block the orc wizard's attack.
The orc hits you but does no damage. You block the gnoll's attack. x2
You barely miss the orc wizard.
The orc wizard points at you and mumbles some strange words.
The puff of flame hits you! The orc hits you. You block the gnoll's attack. x2
The orc wizard barely misses you.
You closely miss the orc wizard. You headbutt the orc wizard.
The orc wizard is lightly wounded.
You block the gnoll's attack. You block the orc's attack.
The gnoll barely misses you. The orc wizard closely misses you.
The orc closely misses you.
You riposte.
You barely miss the orc. You block the gnoll's attack.
The gnoll hits you from afar with a +0 halberd!
* * * LOW HITPOINT WARNING * * *
The gnoll hits you from afar with a +0 spear.
You die...

#.#.. ###....
...... ......
......#. ###....##
#......
#.......###....####
#......g#.........#
#.....gg#.#.......#
...$..go#......>..#
###...#o@......#
#.######.....# #
#>.<(.# #..##.#
#..# # ....# ###.##
..# ###


You could see an orc wizard, 4 gnolls and an orc.

Vanquished Creatures
  An adder (D:2)
  A worm (D:2)
  A dart slug (D:1)
  A leopard gecko (D:1)
  An orc (D:3)
  3 giant cockroaches
  7 goblins
  6 hobgoblins
  9 bats
  2 frilled lizards (D:1)
  7 kobolds
  11 rats
50 creatures vanquished.

Notes
Turn   | Place    | Note
-------+----------+-------------------------------------------
     0 | D:1      | Peloso the Minotaur Fighter began the quest for the Orb.
     0 | D:1      | Reached XP level 1. HP: 19/19 MP: 0/0
   213 | D:1      | Reached XP level 2. HP: 27/27 MP: 1/1
   692 | D:1      | Reached XP level 3. HP: 33/33 MP: 2/2
  1546 | D:2      | Found a hazy altar of Hepliaklqana.
  1653 | D:3      | Slain by a gnoll

Illustrated notes

Levels and vault maps discovered:
D:1:      dpeg_arrival_pits, layout_loops_ring, minmay_splitting_lines,
          minivault_26
D:2:      layout_loops_corners, marbit_many_paths, kennysheep_generic_room_5
D:3:      layout_loops_ring, elyvilon_altar_5

Skill      XL: |  1  2 |
---------------+-------+-----
Shields        | 4 |  4.5
Armour         | 4 |  4.2
Fighting       | 4 |  4.3
Long Blades    | |  2.9
Dodging        | |  0.1
Stealth        | |  0.2

Action                   || total
-------------------------++-------
Melee: Long sword        ||    92
       Headbutt          ||    20
  Use: Potion            ||     3
  Eat: Chunk             ||     2
Armor: Scale mail        ||    58
Dodge: Dodged            ||    32
Block: Kite shield       ||    81
       Reflection        ||     1
       Rpst.: Long sword ||     7
